Map: Apotheosis LE

Players

March - Winner!

  • Race: Protoss Protoss
  • League: Gold

Nickos

  • Race: Terran Terran
  • League: Gold

VOD

Have the link to the VOD?

Description

Time

  • Played on: Sept. 26, 2016, 5:57 a.m.
  • Length: 17:25
Show
View Real Time Build Order
Export as new Build Order

March Protoss - Winner!

Build Orders: 1 Gate Expand, Oracle Opening 

Get SALT Encoding   

  12  0:01  Probe (Chrono Boost)  
  13  0:11  Probe (Chrono Boost)  
  14  0:19  Pylon  
  14  0:22  Probe (Chrono Boost)  
  15  0:37  Probe (Chrono Boost)  
  15  0:39  Gateway  
  16  0:48  Probe (Chrono Boost), Assimilator  
  17  0:58  Probe (Chrono Boost)  
  18  1:09  Probe (Chrono Boost)  
  19  1:19  Probe (Chrono Boost)  
  20  1:26  Nexus  
  20  1:30  Probe (Chrono Boost)  
  21  1:40  Cybernetics Core  
  21  1:42  Probe (Chrono Boost)  
  22  1:49  Assimilator  
  22  1:53  Probe (Chrono Boost)  
  23  2:07  Pylon  
  23  2:15  Pylon  
  23  2:20  Probe (Chrono Boost)  
  23  2:22  Stalker  
  23  2:27  Stargate  
  26  2:38  Probe (Chrono Boost)  
  26  2:51  Gateway  
  26  2:53  Probe (Chrono Boost)  
  28  3:07  Mothership Core (Chrono Boost)  
  28  3:09  Probe (Chrono Boost)  
  30  3:18  Oracle  
  33  3:21  Probe (Chrono Boost)  
  33  3:24  Warp Gate  
  34  3:27  Assimilator  
  34  3:33  Probe (Chrono Boost)  
  35  3:43  Adept x2  
  35  3:46  Probe (Chrono Boost)  
  35  3:48  Probe (Chrono Boost)  
  41  3:58  Probe (Chrono Boost)  
  41  3:59  Probe (Chrono Boost), Assimilator  
  43  4:09  Probe (Chrono Boost)  
  45  4:10  Probe (Chrono Boost)  
  45  4:12  Pylon  
  45  4:20  Probe (Chrono Boost)  
  45  4:22  Probe (Chrono Boost), Pylon  
  47  4:24  Pylon  
  47  4:30  Probe (Chrono Boost)  
  48  4:32  Pylon  
  48  4:34  Probe (Chrono Boost)  
  49  4:40  Twilight Council  
  49  4:41  Probe (Chrono Boost)  
  50  4:51  Probe (Chrono Boost)  
  48  5:01  Robotics Facility  
  48  5:04  Gateway  
  48  5:06  Gateway  
  48  5:07  Gateway  
  48  5:11  Probe (Chrono Boost)  
  48  5:14  Resonating Glaives  
  50  5:15  Probe (Chrono Boost)  
  51  5:21  Gateway, Probe (Chrono Boost)  
  51  5:25  Gateway  
  51  5:32  Probe (Chrono Boost)  
  52  5:42  Gateway, Probe (Chrono Boost)  
  53  6:10  Pylon  
  53  6:16  Pylon  
  57  6:20  Pylon  
  57  6:21  Warp Prism  
  55  6:36  Forge  
  55  6:38  Adept x3  
  55  6:39  Adept x5  
  71  6:40  Forge  
  71  7:02  Dark Shrine  
  71  7:07  Observer  
  72  7:12  Adept  
  72  7:13  Adept x4  
  72  7:14  Adept x3  
  84  7:29  Observer  
  85  7:34  Pylon  
  85  7:36  Protoss Ground Weapons Level 1, Protoss Ground Armor Level 1  
  85  7:41  Adept x3, Pylon  
  85  7:42  Adept  
  93  7:44  Adept, Pylon  
  93  7:47  Adept  
  93  7:50  Adept  
  99  7:53  Adept  
  99  7:55  Nexus  
  101  8:10  Adept  
  101  8:11  Adept x4  
  111  8:15  Adept  
  111  8:17  Adept  
  115  8:22  Adept  
  88  8:41  Zealot x3  
  88  8:42  Zealot x3  
  88  8:43  Zealot  
  68  8:59  Warp Prism  
  70  9:04  Dark Templar x3  
  70  9:06  Dark Templar  
  70  9:08  Probe (Chrono Boost)  
  79  9:39  Stalker x5  
  79  9:40  Stalker  
  91  9:47  Templar Archives  
  91  9:50  Warp Prism  
  91  10:22  Stalker x4  
  91  10:23  Stalker x4  
  73  10:49  Probe (Chrono Boost)  
  74  10:53  Assimilator  
  74  10:58  Assimilator  
  74  10:59  Probe (Chrono Boost)  
  73  11:09  Zealot  
  73  11:10  Dark Templar x2, Probe (Chrono Boost)  
  80  11:17  Psionic Storm  
  80  11:26  High Templar x5  
  80  11:31  Protoss Ground Weapons Level 2  
  80  11:32  Protoss Ground Armor Level 2  
  87  12:07  Probe (Chrono Boost)  
  88  12:11  Warp Prism  
  88  12:13  Stalker x5  
  88  12:14  Stalker x3  
  104  12:18  Probe (Chrono Boost)  
  105  12:28  Probe (Chrono Boost)  
  104  12:47  Warp Prism  
  104  12:50  Adept x4  
  104  12:51  Adept x4  
  108  13:33  Pylon  
  108  13:35  Pylon  
  108  13:37  Pylon  
  103  13:43  Stalker x3  
  103  13:44  Stalker x2  
  111  13:54  Mothership Core (Chrono Boost)  
  101  14:02  Archon  
  89  14:17  Warp Prism  
  91  14:25  Stalker x5  
  91  14:26  Stalker x3  
  99  15:07  High Templar x2  
  99  15:08  High Templar x4  
  99  15:11  High Templar x2  
  113  15:27  Observer  
  114  15:48  Observer  
  91  16:08  Stalker  
  91  16:09  Stalker x6  
  91  16:10  Stalker  
  107  16:19  Warp Prism  
  99  16:56  Observer  
  98  17:19  Zealot x4  
  98  17:20  Zealot x4  
Show
View Real Time Build Order
Export as new Build Order

Nickos Terran 

Build Orders: MMM Bio 

Get SALT Encoding   

  12  0:01  SCV  
  13  0:13  SCV  
  14  0:17  Supply Depot  
  14  0:25  SCV  
  15  0:39  SCV  
  15  0:40  Barracks  
  16  0:51  SCV  
  17  1:03  SCV  
  18  1:15  SCV  
  19  1:21  Command Center  
  19  1:29  Orbital Command  
  19  1:34  Marine  
  20  1:47  Barracks  
  20  1:53  Supply Depot  
  20  1:54  Marine  
  20  1:58  SCV  
  22  2:10  SCV  
  22  2:15  Marine  
  24  2:21  Barracks  
  24  2:23  Refinery, SCV  
  24  2:25  Refinery  
  25  2:35  Orbital Command  
  25  2:36  Marine  
  26  2:37  Marine  
  26  2:40  SCV  
  28  2:52  SCV  
  29  3:00  SCV  
  29  3:02  Marine x2  
  29  3:04  SCV  
  32  3:05  Engineering Bay  
  32  3:13  SCV  
  32  3:15  Barracks Tech Lab  
  32  3:17  SCV  
  34  3:21  Barracks Reactor  
  34  3:25  SCV  
  35  3:28  Barracks Reactor  
  35  3:29  SCV  
  36  3:35  Missile Turret  
  36  3:36  Missile Turret  
  36  3:37  SCV  
  36  3:38  Marine  
  36  3:41  SCV  
  39  3:45  Factory  
  39  3:49  Terran Infantry Weapons Level 1, SCV  
  40  3:55  SCV  
  40  3:58  Supply Depot  
  40  3:59  Marine  
  40  4:01  SCV  
  40  4:02  Marine x2  
  44  4:07  Marine  
  46  4:18  Supply Depot  
  46  4:20  SCV x2, Marine x3  
  46  4:21  Supply Depot  
  51  4:26  Stimpack  
  51  4:32  Starport, SCV x2  
  51  4:34  Factory Reactor  
  51  4:38  Marine  
  54  4:40  Marine x2  
  54  4:41  Marine  
  54  4:44  SCV x2  
  54  4:45  Marauder  
  61  4:57  SCV x2  
  63  5:06  Marine x5  
  68  5:08  Command Center  
  68  5:21  SCV x2  
  70  5:25  Barracks  
  70  5:29  Refinery  
  70  5:36  Engineering Bay  
  70  5:43  Terran Infantry Armor Level 1  
  70  5:52  Widow Mine, Medivac, Supply Depot, Marine x3  
  70  5:53  SCV  
  70  5:54  Supply Depot  
  78  6:03  Armory  
  78  6:13  Medivac, SCV x2, Marine x2  
  78  6:14  Supply Depot  
  78  6:16  Supply Depot  
  84  6:21  Planetary Fortress  
  84  6:24  Barracks Tech Lab  
  84  6:25  SCV x2  
  84  6:31  Marine  
  87  6:34  Missile Turret  
  87  6:38  SCV x2  
  88  6:47  Marine  
  88  6:48  Marine x2  
  88  6:49  Marauder x2  
  95  6:57  Medivac  
  97  7:03  Marine  
  97  7:05  Marine x2  
  100  7:09  Marine  
  100  7:10  Marauder, Marine  
  100  7:13  Liberator  
  104  7:17  Refinery  
  104  7:21  Marine  
  105  7:23  Marine  
  105  7:28  Marauder  
  108  7:31  SCV, Marauder  
  108  7:32  SCV x2  
  116  7:37  Widow Mine  
  116  7:38  Missile Turret  
  118  7:44  SCV x2  
  118  7:45  SCV  
  118  7:49  Combat Shields, Marauder  
  118  7:51  Marine x4  
  124  7:52  Marine  
  124  7:54  Medivac  
  124  7:56  SCV  
  131  7:59  Supply Depot  
  131  8:00  SCV  
  131  8:01  Supply Depot, SCV  
  133  8:08  Marine  
  133  8:09  Refinery  
  133  8:11  Marine x5  
  139  8:19  Command Center  
  119  8:43  Liberator x2  
  112  8:59  Reaper  
  112  9:01  SCV x3  
  122  9:12  Marauder  
  122  9:13  Marauder  
  126  9:18  Marine  
  126  9:19  Marine x2  
  126  9:20  Terran Infantry Weapons Level 2  
  126  9:23  Terran Infantry Armor Level 2  
  129  9:31  Marine  
  129  9:34  Orbital Command, Marauder x2  
  134  9:38  Marine x3  
  137  9:52  Medivac x2  
  139  9:55  Marauder  
  143  10:11  SCV x2  
  143  10:12  SCV  
  143  10:22  Medivac  
  143  10:23  SCV  
  139  10:32  Marine x2  
  139  10:33  Marine x4  
  115  10:36  Medivac  
  90  10:50  Marine x3  
  90  10:51  Marine  
  90  10:52  Medivac  
  91  11:00  Marine x2  
  91  11:03  Missile Turret  
  92  11:06  Medivac, Missile Turret  
  94  11:13  Marine x3  
  94  11:14  Marine  
  100  11:18  Marauder  
  100  11:19  Marauder  
  100  11:22  Medivac  
  100  11:23  Barracks  
  100  11:25  Barracks  
  101  11:27  Barracks  
  101  11:28  Barracks  
  101  11:31  Marine  
  104  11:40  Liberator x2, Marauder x2  
  106  11:48  Marine x2  
  106  11:49  Marine x2  
  110  11:59  SCV x2  
  120  12:01  Marauder x2  
  120  12:06  Marine  
  123  12:10  Command Center, Marine x4  
  123  12:11  SCV  
  132  12:23  Liberator, Marauder x2  
  132  12:24  Marine  
  133  12:36  Marine x3  
  133  12:37  Orbital Command, Marine x4  
  135  12:42  Marine  
  144  12:44  Marauder x2  
  142  12:54  Marine x4  
  142  12:55  Marine x3  
  147  13:00  Marine  
  147  13:05  Marine  
  122  13:28  Marine x2  
  122  13:29  Marine x5  
  122  13:30  Marine x3  
  126  13:46  Marine x2  
  126  13:47  SCV, Marine x6  
  126  13:48  SCV, Marine  
  131  14:00  Marine, SCV x2  
  104  14:04  Marine x4  
  104  14:05  Liberator x2, Marine x5  
  94  14:17  Planetary Fortress, Marine  
  94  14:22  Marine x5  
  94  14:23  Marine x4  
  110  14:25  Command Center  
  110  14:35  Marine  
  105  14:46  Marine x2  
  105  14:47  Marine x4  
  105  14:48  Liberator  
  109  14:57  Marine x4  
  112  15:04  Marine x2  
  117  15:18  Marine  
  117  15:19  Marine  
  89  15:55  Marine x2  
  89  15:56  Marine x4  
  89  15:57  Marine x3  
  60  16:01  Marine  
  60  16:12  Orbital Command  
  60  16:13  Marine  
  60  16:16  Barracks Tech Lab  
  60  16:17  Barracks Tech Lab x3  
  61  16:19  Orbital Command  
  61  16:24  Orbital Command, Marine x3  
  62  16:43  Marine x2  
  62  16:44  Marine  
  62  16:52  Marine  
  63  16:58  Marine  
Tags
 
Add a new tag
Caveats
  • Supply blocks, unpowered buildings, or Contaminate may cause inaccurate times.
  • Supply counts are checked every 10 seconds.